 Dungeon Crawl Stone Soup version 0.20.0-15-g7f486f2 (webtiles) character file.

193 vishdafish the Shield-Bearer (level 5, -4/33 HPs)
             Began as a Gargoyle Fighter on June 19, 2017.
             Killed from afar by Natasha (9 damage)
             ... with a magic dart
             ... on level 4 of the Dungeon.
             The game lasted 00:07:27 (2786 turns).

vishdafish the Shield-Bearer (Gargoyle Fighter)     Turns: 2786, Time: 00:07:28

Health: -4/33      AC: 12    Str: 20    XL:     5   Next: 72%
Magic:  5/5        EV:  7    Int:  9    God:
Gold:   128        SH:  9    Dex:  9    Spells: 4/4 levels left

rFire    . . .     SeeInvis .   a - +0 flail
rCold    . . .     Gourm    .   c - +0 shield
rNeg     + . .     Faith    .   b - +0 scale mail
rPois    ∞         Spirit   .   o - +0 helmet
rElec    +         Reflect  .   (no cloak)
rCorr    .         Harm     .   (no gloves)
MR       .....     Rnd*Tele +   (no boots)
Stlth    ..........             (no amulet)
Regen    0.2/turn               v - ring of poison resistance
MPRegen  0.1/turn               s - ring of teleportation

@: no status effects
A: negative energy resistance 1, electricity resistance, unbreathing,
petrification resistance, rot immunity, AC +4
a: no special abilities


You were on level 4 of the Dungeon.
You were not hungry.

You visited 1 branch of the dungeon, and saw 4 of its levels.

You collected 128 gold pieces.

Inventory:

Hand Weapons
 a - a +0 flail (weapon)
 g - a +0 hunting sling
Armour
 b - a +0 scale mail (worn)
 c - a +0 shield (worn)
 o - a +0 helmet (worn)
Jewellery
 k - an uncursed amulet of the gourmand
 r - an uncursed ring of flight
 s - a ring of teleportation (right hand)
 v - a ring of poison resistance (left hand)
Wands
 t - a wand of digging (7/24)
Scrolls
 j - a scroll of immolation {unknown}
 p - a scroll of enchant armour {unknown}
 q - a scroll of identify
 u - 2 scrolls of teleportation
Potions
 d - 3 potions of might
 h - a potion of degeneration {unknown}
 i - 3 potions of curing
 m - a potion of cancellation {unknown}
 n - a potion of haste {unknown}
 w - a potion of lignification {unknown}
Comestibles
 f - 3 bread rations
 l - 3 fruits


   Skills:
 + Level 4.1 Fighting
 + Level 3.4 Maces & Flails
 + Level 4.1 Armour
 + Level 0.5 Dodging
 + Level 4.7 Shields


You had 4 spell levels left.
You didn't know any spells.

Dungeon Overview and Level Annotations

Branches:
Dungeon (3/15)

Altars:
Trog

Annotations:
D:4 Menkaure, Natasha


Innate Abilities, Weirdness & Mutations

You are resistant to torment.
Your stone body is resilient. (AC +4)
You are immune to poison.
You resist negative energy. (rN+)
You are resistant to electric shocks. (rElec)
You can survive without breathing.
You are immune to petrification.
You are immune to rotting.


Message History

You hit Natasha.
Natasha is moderately wounded.
You block the scorpion's attack. You block Menkaure's attack.
Natasha casts a spell.
The crimson imp hits you but does no damage.
The scorpion stings you but does no damage.
As you read the scroll labeled MUNUQE QUOR AMAP, it crumbles to dust.
You feel as if something is helping you.
It was a scroll of remove curse.
Menkaure barely misses you. Natasha claws you but does no damage.
The crimson imp blinks!
The scorpion stings you.
* * * LOW HITPOINT WARNING * * *
You block Menkaure's attack.
The white imp hits you but does no damage.
As you read the scroll labeled VYTIKI OBIBRE, it crumbles to dust.
It is a scroll of identify.
u - 2 scrolls of teleportation Natasha stares at you and mumbles some strange words.
The magic dart hits you!
You die...

#............
##...........
##...........#
...........#
#.........##
#..........###
#..5........#..
#.....s§.......
##....5@h......
#......M.#####
#......###
###.....##
#######.....###
#............#
#####.........#
###........#
#.........#


You could see Menkaure, a scorpion, Natasha, a crimson imp and a white imp.

Vanquished Creatures
  Terence (D:3)
  Natasha (D:4)
  2 orc wizards (D:3)
  A hound skeleton (D:3)
  2 adders (D:2)
  2 worms
  2 dart slugs (D:1)
  2 leopard geckos
  3 orcs (D:3)
  3 giant cockroaches
  6 goblins
  3 hobgoblins
  4 quokkas
  6 bats
  4 frilled lizards
  5 kobolds
  9 rats
56 creatures vanquished.

Notes
Turn   | Place    | Note
-------+----------+-------------------------------------------
     0 | D:1      | vishdafish the Gargoyle Fighter began the quest for the Orb.
     0 | D:1      | Reached XP level 1. HP: 14/14 MP: 1/1
   226 | D:1      | Reached XP level 2. HP: 12/20 MP: 2/2
   743 | D:2      | Reached XP level 3. HP: 23/24 MP: 3/3
   970 | D:2      | Noticed a moth of wrath
   973 | D:2      | Found a bloodstained altar of Trog.
   987 | D:2      | HP: 1/24 [worm (11)]
  1266 | D:2      | Reached XP level 4. HP: 29/29 MP: 4/4
  1907 | D:3      | Found a faded altar of an unknown god.
  2012 | D:3      | Noticed Terence
  2018 | D:3      | Killed Terence
  2350 | D:3      | Reached XP level 5. HP: 27/33 MP: 5/5
  2732 | D:3      | You fall through a shaft!
  2747 | D:4      | Noticed Natasha
  2754 | D:4      | Killed Natasha
  2775 | D:4      | Noticed Natasha
  2777 | D:4      | Noticed Menkaure
  2786 | D:4      | Killed from afar by Natasha

Skill      XL: |  1  2  3  4  5 |
---------------+----------------+-----
Fighting       | 4 |  4.1
Shields        | 4 |  4.7
Maces & Flails | 3 |  3.4
Armour         | 4 |  4.1
Dodging        | |  0.5

Action                   |  1- 3 |  4- 6 || total
-------------------------+-------+-------++-------
Melee: Flail             |   134 |   153 ||   287
  Use: Potion            |     2 |       ||     2
       Scroll            |       |     2 ||     2
  Eat: Royal jelly       |     1 |       ||     1
       Bread ration      |       |     1 ||     1
Armor: Scale mail        |    98 |    79 ||   177
Dodge: Dodged            |    50 |    47 ||    97
Block: Shield            |    77 |    53 ||   130
